Map: Ascension to Aiur LE

Players

Stephano - Winner!

  • Race: Zerg Zerg
  • Spawn Location: 5:00

Sen

  • Race: Zerg Zerg
  • Spawn Location: 11:00

Event: WCS Jonkoping 2017

VOD

Have the link to the VOD?

Description

Time

  • Played on: June 17, 2017, 2:40 p.m.
  • Length: 11:34

All games in this series

Show
View Real Time Build Order
Export as new Build Order

Stephano Zerg - Winner!

Build Orders: Hatch First 

Get SALT Encoding   

  12  0:00  Drone  
  13  0:12  Overlord  
  13  0:17  Drone  
  14  0:31  Drone x2  
  14  0:34  Drone  
  17  0:52  Hatchery  
  17  0:54  Drone  
  17  0:57  Drone  
  18  1:09  Extractor  
  17  1:12  Spawning Pool  
  17  1:16  Drone  
  17  1:19  Drone  
  18  1:29  Drone  
  19  1:39  Overlord  
  19  1:59  Queen  
  19  2:00  Zergling x4  
  23  2:03  Queen  
  23  2:04  Zergling x2  
  26  2:08  Metabolic Boost  
  26  2:13  Drone  
  27  2:17  Drone  
  28  2:25  Drone  
  28  2:26  Drone  
  30  2:34  Queen  
  30  2:36  Drone  
  33  2:41  Drone  
  34  2:46  Drone  
  34  2:47  Drone  
  36  2:53  Hatchery  
  36  2:57  Overlord  
  35  3:04  Baneling Nest  
  34  3:06  Drone  
  35  3:14  Zergling x2  
  35  3:16  Drone  
  35  3:17  Drone x3  
  39  3:22  Overlord  
  39  3:24  Zergling x2  
  39  3:25  Zergling x2  
  41  3:30  Zergling x2  
  42  3:34  Queen  
  42  3:40  Drone  
  45  3:45  Drone x4  
  49  3:50  Baneling  
  49  3:51  Baneling  
  49  3:53  Drone  
  49  3:54  Drone x2  
  52  3:56  Overlord  
  50  4:11  Zergling x2  
  50  4:12  Zergling x4  
  50  4:13  Drone x2  
  50  4:16  Extractor  
  52  4:17  Extractor  
  52  4:19  Drone x4  
  54  4:25  Overlord  
  54  4:29  Evolution Chamber  
  54  4:30  Roach Warren, Lair  
  52  4:34  Baneling x2  
  52  4:35  Zergling x2  
  52  4:36  Zergling x4  
  55  4:38  Zergling x2  
  55  4:41  Baneling x2  
  55  4:45  Drone x2  
  58  4:47  Drone x2  
  60  4:53  Overlord  
  60  4:54  Drone x2  
  60  4:55  Drone  
  60  4:58  Zerg Missile Weapons Level 1  
  63  5:03  Drone x2  
  65  5:09  Overlord  
  65  5:10  Drone x3  
  65  5:12  Extractor, Drone  
  68  5:15  Drone  
  68  5:16  Drone  
  70  5:23  Overlord  
  70  5:26  Drone x2, Overlord  
  70  5:27  Glial Reconstitution  
  72  5:34  Overlord  
  72  5:40  Roach x5  
  81  5:44  Overlord  
  81  5:46  Roach  
  81  5:49  Roach  
  87  5:50  Roach  
  87  5:54  Roach x2  
  91  6:01  Roach x4  
  99  6:04  Overlord  
  99  6:08  Roach x3  
  105  6:11  Overlord  
  105  6:15  Overlord  
  105  6:17  Roach x2  
  109  6:22  Roach x3  
  115  6:27  Roach x2  
  115  6:30  Roach  
  115  6:31  Roach x2  
  125  6:34  Roach x2  
  125  6:39  Drone x2  
  131  6:40  Extractor, Hydralisk Den  
  131  6:44  Queen  
  131  6:48  Drone x3  
  131  6:49  Drone  
  131  6:50  Drone  
  136  6:57  Overlord x3  
  136  7:08  Overlord  
  131  7:09  Muscular Augments, Overlord  
  131  7:12  Spore Crawler  
  131  7:13  Extractor  
  129  7:17  Hatchery  
  129  7:20  Drone x2  
  130  7:23  Drone x3  
  130  7:26  Queen  
  133  7:37  Overlord  
  125  7:38  Drone x3  
  125  7:42  Hydralisk x4  
  122  7:48  Hydralisk  
  122  7:49  Hydralisk  
  122  7:51  Zerg Missile Weapons Level 2  
  114  7:55  Evolution Chamber  
  109  7:59  Hydralisk x3  
  109  8:04  Hydralisk x2  
  109  8:06  Drone  
  109  8:09  Spore Crawler, Drone  
  109  8:10  Drone  
  103  8:16  Hydralisk x2  
  107  8:22  Hydralisk x3  
  107  8:28  Roach x2  
  107  8:29  Roach  
  107  8:31  Roach  
  107  8:33  Roach  
  117  8:35  Roach  
  117  8:38  Zerg Ground Armor Level 1  
  117  8:40  Roach  
  121  8:46  Roach x3  
  127  8:52  Roach x3  
  117  8:57  Roach  
  117  8:58  Roach x3  
  117  9:00  Roach  
  117  9:02  Roach  
  119  9:08  Roach x3  
  115  9:15  Zergling x10  
  104  9:21  Zergling x4  
  104  9:22  Zergling x4  
  91  9:26  Hydralisk  
  87  9:37  Roach Warren, Hydralisk x2  
  84  9:43  Drone x3  
  88  9:45  Drone  
  88  9:48  Drone x2  
  88  9:50  Drone  
  91  9:57  Drone x2  
  91  9:58  Drone x2  
  91  10:18  Roach  
  91  10:19  Roach x9  
  91  10:20  Queen  
  108  10:25  Queen  
  108  10:26  Roach  
  108  10:28  Ravager x4  
  115  10:29  Ravager  
  115  10:30  Roach  
  119  10:36  Roach x2  
  119  10:37  Roach  
  119  10:38  Roach  
  119  10:42  Roach x2  
  131  10:45  Hydralisk  
  131  10:48  Queen  
  135  10:50  Hydralisk  
  135  10:51  Ravager  
  135  10:52  Ravager  
  135  10:54  Ravager x4  
  143  10:59  Roach x3  
  143  11:01  Roach  
  151  11:05  Roach x2  
  151  11:07  Roach  
  155  11:15  Roach  
Show
View Real Time Build Order
Export as new Build Order

Sen Zerg 

Build Orders: Hatch First 

Get SALT Encoding   

  12  0:01  Drone  
  13  0:12  Overlord  
  13  0:17  Drone  
  14  0:30  Drone x2  
  14  0:35  Drone  
  17  0:52  Hatchery  
  17  0:55  Drone  
  17  0:57  Drone  
  17  1:00  Extractor  
  17  1:14  Spawning Pool  
  17  1:17  Drone  
  17  1:20  Drone  
  18  1:29  Drone  
  19  1:40  Overlord  
  19  1:50  Drone  
  20  2:01  Queen, Drone  
  20  2:03  Metabolic Boost  
  20  2:04  Queen  
  20  2:07  Drone  
  26  2:11  Zergling x2  
  26  2:15  Zergling x2  
  28  2:23  Baneling Nest  
  28  2:25  Drone  
  28  2:26  Drone  
  29  2:33  Zergling x2  
  30  2:37  Overlord  
  30  2:45  Drone  
  30  2:46  Drone  
  32  3:01  Drone x2  
  33  3:06  Drone  
  33  3:11  Drone x3  
  37  3:19  Hatchery, Drone x3  
  39  3:25  Overlord  
  39  3:31  Drone  
  39  3:32  Drone x2  
  42  3:37  Lair  
  42  3:42  Overlord  
  42  3:44  Baneling  
  42  3:45  Baneling x2  
  43  3:48  Zergling x2  
  43  3:51  Zergling x6  
  43  3:54  Zergling x2  
  47  3:57  Zergling x4  
  47  4:02  Overlord  
  49  4:09  Zergling x4  
  49  4:12  Extractor  
  48  4:20  Queen  
  48  4:22  Drone x4  
  48  4:23  Extractor, Drone x3  
  54  4:26  Baneling  
  54  4:27  Baneling  
  54  4:29  Overlord  
  54  4:31  Drone x2  
  56  4:33  Drone  
  57  4:41  Extractor  
  57  4:42  Drone x2  
  57  4:43  Drone  
  59  4:51  Spire  
  59  4:52  Drone x3  
  61  5:06  Drone x3  
  64  5:08  Drone  
  64  5:09  Extractor  
  64  5:14  Overlord  
  64  5:15  Drone  
  64  5:19  Roach Warren  
  64  5:21  Evolution Chamber  
  64  5:24  Drone x2  
  64  5:27  Overlord x2  
  65  5:35  Drone x2  
  67  5:36  Drone x4  
  67  5:38  Drone x2  
  73  5:45  Overlord x2  
  73  5:47  Zerg Missile Weapons Level 1  
  73  5:50  Extractor  
  73  5:52  Overlord  
  66  6:04  Mutalisk x6  
  66  6:07  Mutalisk  
  80  6:12  Mutalisk  
  80  6:16  Mutalisk  
  80  6:17  Overlord  
  84  6:19  Drone  
  84  6:20  Drone  
  86  6:32  Hatchery  
  85  6:35  Roach x5  
  95  6:45  Roach x5  
  105  6:49  Roach  
  105  6:50  Roach x2  
  105  6:52  Roach  
  113  6:56  Roach x2  
  117  7:01  Overlord  
  117  7:07  Overlord  
  117  7:08  Overlord  
  115  7:16  Overlord  
  115  7:17  Overlord  
  115  7:19  Glial Reconstitution  
  116  7:24  Roach x3  
  121  7:31  Roach x9  
  124  7:42  Roach  
  124  7:43  Roach x4  
  112  7:56  Zerg Missile Weapons Level 2  
  104  8:12  Overseer  
  100  8:29  Ravager x5  
  100  8:32  Drone  
  100  8:33  Ravager  
  100  8:34  Drone x4  
  111  8:38  Ravager  
  112  8:41  Drone  
  112  8:42  Drone x2  
  103  8:57  Drone x4  
  103  8:58  Drone  
  103  8:59  Drone x2  
  106  9:07  Drone x4  
  94  9:10  Drone x2  
  89  9:17  Drone x3  
  76  9:28  Roach x5  
  71  9:36  Roach x3  
  66  9:46  Roach x3  
  66  9:51  Roach x2  
  66  9:52  Roach  
  78  9:55  Roach x2  
  82  10:02  Roach  
  84  10:08  Roach x3  
  84  10:11  Roach x3  
  87  10:24  Roach x2  
  87  10:25  Roach x3  
  97  10:39  Roach x4  
  105  10:44  Roach  
  107  10:56  Baneling  
  107  10:58  Ravager x5  
  107  11:01  Drone x2  
  107  11:02  Drone x2  
  107  11:03  Ravager  
Tags
 
Add a new tag
Caveats
  • Supply blocks, unpowered buildings, or Contaminate may cause inaccurate times.
  • Supply counts are checked every 10 seconds.